TOP OF THE 1ST |
Lee's Summit Tigers batting - Pitching for Erie Jaxx : LHP Francisco Rodríguez
|
Pitching: LHP Francisco Rodríguez
|
|
Batting: LHB Darren Holland
|
0-0: Ball 1-0: Ball 2-0: Bunt missed! 2-1: Fly out, F9 (Flyball, 9)
|
Batting: RHB Jesús Ramos
|
0-0: Called Strike 0-1: Foul Ball, location: 2F 0-2: Strikes out swinging
|
Batting: RHB Rusty Bennett
|
0-0: Called Strike 0-1: Called Strike 0-2: Ball 1-2: SINGLE (Groundball, 34D)
|
Batting: SHB Juan Glaviz
|
0-0: Ball 1-0: Swinging Strike 1-1: Called Strike 1-2: Ball 2-2: Fly out, F3 (Popup, 3S)
|
Top of the 1st over - 0 run(s), 1 hit(s), 0 error(s), 1 left on base; Lee's Summit 0 - Erie 0 |
BOTTOM OF THE 1ST |
Erie Jaxx batting - Pitching for Lee's Summit Tigers : LHP António Ruíz
|
Pitching: LHP António Ruíz
|
|
Batting: RHB Ed Keesee
|
0-0: Called Strike 0-1: Foul Ball, location: 2F 0-2: Ball 1-2: Strikes out swinging
|
Batting: SHB José Durango
|
0-0: Called Strike 0-1: Called Strike 0-2: Foul Ball, location: 2F 0-2: Strikes out looking
|
Batting: SHB Michael Field
|
0-0: Called Strike 0-1: Foul Ball, location: 2F 0-2: Ball 1-2: Foul Ball, location: 2F 1-2: Foul Ball, location: 2F 1-2: Foul Ball, location: 2F 1-2: Ball 2-2: Strikes out looking
|
Bottom of the 1st over - 0 run(s), 0 hit(s), 0 error(s), 0 left on base; Lee's Summit 0 - Erie 0 |
TOP OF THE 2ND |
Lee's Summit Tigers batting - Pitching for Erie Jaxx : LHP Francisco Rodríguez
|
Batting: RHB Kyle Baylor
|
0-0: Called Strike 0-1: Foul Ball, location: 2F 0-2: Strikes out swinging
|
Batting: RHB Steven Wright
|
0-0: Ball 1-0: Ball 2-0: Called Strike 2-1: Ball 3-1: Called Strike 3-2: Foul Ball, location: 2F 3-2: Strikes out swinging
|
Batting: RHB Augusto Pérez
|
0-0: Swinging Strike 0-1: Foul Ball, location: 2F 0-2: Strikes out swinging
|
Top of the 2nd over - 0 run(s), 0 hit(s), 0 error(s), 0 left on base; Lee's Summit 0 - Erie 0 |
BOTTOM OF THE 2ND |
Erie Jaxx batting - Pitching for Lee's Summit Tigers : LHP António Ruíz
|
Batting: LHB Josh Pérez
|
0-0: Foul Ball, location: 2F 0-1: Foul Ball, location: 2F 0-2: Strikes out swinging
|
Batting: SHB Giel Molendijk
|
0-0: Ball 1-0: Called Strike 1-1: Ball 2-1: Ball 3-1: Swinging Strike 3-2: Foul Ball, location: 2F 3-2: Base on Balls
|
Batting: RHB Andrés Silva
|
0-0: Called Strike 0-1: Called Strike 0-2: Strikes out swinging
|
Batting: RHB José Hernández
|
0-0: Fly out, F7 (Line Drive, 78M)
|
Bottom of the 2nd over - 0 run(s), 0 hit(s), 0 error(s), 1 left on base; Lee's Summit 0 - Erie 0 |
TOP OF THE 3RD |
Lee's Summit Tigers batting - Pitching for Erie Jaxx : LHP Francisco Rodríguez
|
Batting: LHB Dudley Cooper
|
0-0: Ball 1-0: Swinging Strike 1-1: Ball 2-1: Fly out, F9 (Flyball, 9)
|
Batting: LHB Dale Miller
|
0-0: Ball 1-0: Ball 2-0: Called Strike 2-1: Ball 3-1: Foul Ball, location: 2F 3-2: Strikes out swinging, 2-3 out at first.
|
Batting: LHB Darren Holland
|
0-0: Swinging Strike 0-1: Ball 1-1: Fly out, F7 (Flyball, 78S)
|
Top of the 3rd over - 0 run(s), 0 hit(s), 0 error(s), 0 left on base; Lee's Summit 0 - Erie 0 |
BOTTOM OF THE 3RD |
Erie Jaxx batting - Pitching for Lee's Summit Tigers : LHP António Ruíz
|
Batting: RHB Ángel Serrano
|
0-0: Ground out 5-3 (Groundball, 56)
|
Batting: RHB Alfredo Ramírez
|
0-0: Foul Ball, location: 2F 0-1: SINGLE (Groundball, 15S) (infield hit)
|
Batting: RHB Ed Keesee
|
0-0: Ball 1-0: Foul Ball, location: 2F 1-1: Ball 2-1: Foul Ball, location: 2F 2-2: Ball 3-2: Fly out, F9 (Flyball, 9S)
|
Batting: SHB José Durango
|
0-0: Ball 1-0: Ball 2-0: Swinging Strike 2-1: Ball 3-1: Called Strike 3-2: Base on Balls Alfredo Ramírez to second
|
Batting: SHB Michael Field
|
0-0: Ball 1-0: Called Strike 1-1: Foul Ball, location: 2F 1-2: Fielders Choice at 2nd, U6 (Groundball, 6M)
|
Bottom of the 3rd over - 0 run(s), 1 hit(s), 0 error(s), 2 left on base; Lee's Summit 0 - Erie 0 |
TOP OF THE 4TH |
Lee's Summit Tigers batting - Pitching for Erie Jaxx : LHP Francisco Rodríguez
|
Batting: RHB Jesús Ramos
|
0-0: Fly out, F6 (Line Drive, 6M)
|
Batting: RHB Rusty Bennett
|
0-0: Called Strike 0-1: DOUBLE (Flyball, 89XD)
|
Batting: SHB Juan Glaviz
|
0-0: Ball 1-0: Ball 2-0: SINGLE (Groundball, 4MD) Rusty Bennett to third Runner from 3rd tries for Home, SAFE, no throw
|
Batting: RHB Kyle Baylor
|
0-0: Called Strike 0-1: Foul Ball, location: 2F 0-2: Ball 1-2: Strikes out looking
|
Batting: RHB Steven Wright
|
0-0: Ball 1-0: Fly out, F9 (Line Drive, 9)
|
Top of the 4th over - 1 run(s), 2 hit(s), 0 error(s), 1 left on base; Lee's Summit 1 - Erie 0 |
BOTTOM OF THE 4TH |
Erie Jaxx batting - Pitching for Lee's Summit Tigers : LHP António Ruíz
|
Batting: LHB Josh Pérez
|
0-0: Called Strike 0-1: Ball 1-1: Swinging Strike 1-2: Fly out, F4 (Popup, 4MD)
|
Batting: SHB Giel Molendijk
|
0-0: Called Strike 0-1: Ball 1-1: Foul Ball, location: 2F 1-2: Foul Ball, location: 2F 1-2: SINGLE (Line Drive, 6MD)
|
Batting: RHB Andrés Silva
|
0-0: Ball 1-0: SINGLE (Flyball, 8LS) Giel Molendijk to second
|
Batting: RHB José Hernández
|
0-0: Ball 1-0: Called Strike 1-1: Ball 2-1: Swinging Strike 2-2: Fly out, F8 (Flyball, 8LD) Runner from 2nd tags up, SAFE at 3rd, no throw
|
Batting: RHB Ángel Serrano
|
0-0: Ball 1-0: Ball 2-0: Foul Ball, location: 2F 2-1: Swinging Strike 2-2: Foul Ball, location: 2F 2-2: Strikes out swinging
|
Bottom of the 4th over - 0 run(s), 2 hit(s), 0 error(s), 2 left on base; Lee's Summit 1 - Erie 0 |
TOP OF THE 5TH |
Lee's Summit Tigers batting - Pitching for Erie Jaxx : LHP Francisco Rodríguez
|
Batting: RHB Augusto Pérez
|
0-0: Fly out, F7 (Flyball, 78S)
|
Batting: LHB Dudley Cooper
|
0-0: Called Strike 0-1: Ball 1-1: Called Strike 1-2: Ball 2-2: Foul Ball, location: 2F 2-2: Strikes out swinging
|
Batting: LHB Dale Miller
|
0-0: Ground out U3 (Groundball, 34)
|
Top of the 5th over - 0 run(s), 0 hit(s), 0 error(s), 0 left on base; Lee's Summit 1 - Erie 0 |
BOTTOM OF THE 5TH |
Erie Jaxx batting - Pitching for Lee's Summit Tigers : LHP António Ruíz
|
Batting: RHB Alfredo Ramírez
|
0-0: Ball 1-0: Ground out 6-3 (Groundball, 6D)
|
Batting: RHB Ed Keesee
|
0-0: Foul Ball, location: 2F 0-1: Swinging Strike 0-2: SINGLE (Line Drive, 6D)
|
Batting: SHB José Durango
|
0-0: Called Strike Ed Keesee steals 2nd base 0-1: Foul Ball, location: 2F 0-2: Ball 1-2: Foul Ball, location: 2F 1-2: Ball 2-2: Strikes out swinging
|
Batting: SHB Michael Field
|
0-0: Called Strike 0-1: Ball 1-1: Fly out, F8 (Flyball, 8LM)
|
Bottom of the 5th over - 0 run(s), 1 hit(s), 0 error(s), 1 left on base; Lee's Summit 1 - Erie 0 |
TOP OF THE 6TH |
Lee's Summit Tigers batting - Pitching for Erie Jaxx : LHP Francisco Rodríguez
|
Batting: LHB Darren Holland
|
0-0: Ball 1-0: Called Strike 1-1: Swinging Strike 1-2: Foul Ball, location: 2F 1-2: Ground out 1-3 (Groundball, 13S)
|
Batting: RHB Jesús Ramos
|
0-0: Foul Ball, location: 2F 0-1: Ball 1-1: Called Strike 1-2: Ball 2-2: Foul Ball, location: 2F 2-2: Foul Ball, location: 2F 2-2: Foul Ball, location: 2F 2-2: Strikes out swinging
|
Batting: RHB Rusty Bennett
|
0-0: Called Strike 0-1: Ground out 4-3 (Groundball, 4S)
|
Top of the 6th over - 0 run(s), 0 hit(s), 0 error(s), 0 left on base; Lee's Summit 1 - Erie 0 |
BOTTOM OF THE 6TH |
Erie Jaxx batting - Pitching for Lee's Summit Tigers : LHP António Ruíz
|
Pitching: RHP Augusto Pérez
|
|
Batting: LHB Josh Pérez
|
0-0: Called Strike 0-1: Ball 1-1: Swinging Strike 1-2: Strikes out swinging
|
Batting: SHB Giel Molendijk
|
0-0: Foul Ball, location: 2F 0-1: Swinging Strike 0-2: SINGLE (Line Drive, 89M)
|
Batting: RHB Andrés Silva
|
0-0: Ball 1-0: Ball 2-0: Swinging Strike 2-1: Foul Ball, location: 2F 2-2: Strikes out swinging
|
Batting: RHB José Hernández
|
0-0: Called Strike Giel Molendijk is caught stealing 2nd base
|
Bottom of the 6th over - 0 run(s), 1 hit(s), 0 error(s), 0 left on base; Lee's Summit 1 - Erie 0 |
TOP OF THE 7TH |
Lee's Summit Tigers batting - Pitching for Erie Jaxx : LHP Francisco Rodríguez
|
Batting: SHB Juan Glaviz
|
0-0: Foul Ball, location: 2F 0-1: Called Strike 0-2: Ball 1-2: Ground out 5-3 (Groundball, 5S)
|
Batting: RHB Kyle Baylor
|
0-0: Called Strike 0-1: Ball 1-1: Foul Ball, location: 2F 1-2: Ball 2-2: DOUBLE (Line Drive, 9LS)
|
Batting: RHB Steven Wright
|
0-0: Intentional Walk
|
Pitching: LHP Jason Dean
|
|
Batting: RHB Augusto Pérez
|
0-0: Swinging Strike 0-1: Ball 1-1: Foul Ball, location: 2F 1-2: Ball 2-2: Strikes out looking
|
Batting: LHB Dudley Cooper
|
0-0: Called Strike 0-1: Ball 1-1: Swinging Strike 1-2: Ball 2-2: Strikes out swinging
|
Top of the 7th over - 0 run(s), 1 hit(s), 0 error(s), 2 left on base; Lee's Summit 1 - Erie 0 |
BOTTOM OF THE 7TH |
Erie Jaxx batting - Pitching for Lee's Summit Tigers : RHP Augusto Pérez
|
Batting: RHB José Hernández
|
0-0: Ball 1-0: Called Strike 1-1: Swinging Strike 1-2: Ball 2-2: Ball 3-2: Base on Balls
|
Batting: RHB Ángel Serrano
|
0-0: Bunted foul 0-1: Sac Bunt - play at second, runner OUT! 5-6
|
Batting: RHB Alfredo Ramírez
|
0-0: Called Strike 0-1: Swinging Strike 0-2: Strikes out swinging
|
Pinch Hitting: RHB William Wilson
|
0-0: Called Strike 0-1: SINGLE (Flyball, 56D) Ángel Serrano to second
|
Batting: SHB José Durango
|
0-0: Ball 1-0: Called Strike 1-1: Called Strike 1-2: Strikes out looking
|
Bottom of the 7th over - 0 run(s), 1 hit(s), 0 error(s), 2 left on base; Lee's Summit 1 - Erie 0 |
TOP OF THE 8TH |
Lee's Summit Tigers batting - Pitching for Erie Jaxx : LHP Jason Dean
|
Now at 2B: Guaspar Vasche
|
|
Batting: LHB Dale Miller
|
0-0: Foul Ball, location: 2F 0-1: Swinging Strike 0-2: Ball 1-2: Fly out, F8 (Flyball, 8LM)
|
Batting: LHB Darren Holland
|
0-0: Ball 1-0: Called Strike 1-1: Ball 2-1: Ball 3-1: Foul Ball, location: 2F 3-2: Strikes out looking
|
Batting: RHB Jesús Ramos
|
0-0: Ball 1-0: Called Strike 1-1: Ball 2-1: Ball 3-1: SINGLE (Flyball, 89S)
|
Batting: RHB Rusty Bennett
|
0-0: Called Strike 0-1: Ball 1-1: Ball 2-1: Ball 3-1: SINGLE (Line Drive, 89S) Jesús Ramos to second
|
Pinch Hitting: LHB Milo Powers
|
0-0: Swinging Strike 0-1: Ball 1-1: Ball 2-1: Foul Ball, location: 2F 2-2: SINGLE (Flyball, 78S) Jesús Ramos to third Rusty Bennett to second Runner from 3rd tries for Home, throw and OUT!
|
Top of the 8th over - 0 run(s), 3 hit(s), 0 error(s), 2 left on base; Lee's Summit 1 - Erie 0 |
BOTTOM OF THE 8TH |
Erie Jaxx batting - Pitching for Lee's Summit Tigers : RHP Augusto Pérez
|
Now at 3B: Ricardo Rodríguez
|
|
Batting: SHB Michael Field
|
0-0: Swinging Strike 0-1: Ball 1-1: Called Strike 1-2: Foul Ball, location: 2F 1-2: Strikes out swinging
|
Pitching: LHP Dave McCoy
|
|
Batting: LHB Josh Pérez
|
0-0: Ball 1-0: Called Strike 1-1: Swinging Strike 1-2: Foul Ball, location: 2F 1-2: Foul Ball, location: 2F 1-2: Ball 2-2: Ball 3-2: Strikes out swinging
|
Pitching: RHP Patrick Singleton
|
|
Batting: SHB Giel Molendijk
|
0-0: Called Strike 0-1: Ball 1-1: Ball 2-1: Fly out, F9 (Flyball, 89S)
|
Bottom of the 8th over - 0 run(s), 0 hit(s), 0 error(s), 0 left on base; Lee's Summit 1 - Erie 0 |
TOP OF THE 9TH |
Lee's Summit Tigers batting - Pitching for Erie Jaxx : LHP Jason Dean
|
Pitching: LHP Rafael Romero
|
|
Batting: RHB Kyle Baylor
|
0-0: Ball 1-0: Called Strike 1-1: Ball 2-1: SINGLE (Groundball, 6MD)
|
Batting: RHB Steven Wright
|
0-0: Ball 1-0: Sac Bunt - play at first, batter OUT! 1-4 Kyle Baylor to second
|
Pinch Hitting: LHB Daniel Rincón
|
0-0: Called Strike 0-1: Ball 1-1: Ball 2-1: Swinging Strike 2-2: Ball 3-2: Foul Ball, location: 2F 3-2: SINGLE (Line Drive, 34D) Kyle Baylor to third Runner from 3rd tries for Home, SAFE, no throw
|
Batting: LHB Dudley Cooper
|
0-0: Ball 1-0: Foul Ball, location: 2F 1-1: Ball 2-1: Ball 3-1: Called Strike 3-2: Strikes out looking
|
Batting: LHB Dale Miller
|
0-0: Called Strike Pickoff Throw by Catcher to First - Out!
|
Top of the 9th over - 1 run(s), 2 hit(s), 0 error(s), 0 left on base; Lee's Summit 2 - Erie 0 |
BOTTOM OF THE 9TH |
Erie Jaxx batting - Pitching for Lee's Summit Tigers : RHP Patrick Singleton
|
Pitching: RHP António Cruz
|
|
Now at C: Michael Hall
|
|
Batting: RHB Andrés Silva
|
0-0: Foul Ball, location: 2F 0-1: Fly out, F9 (Flyball, 9S)
|
Batting: RHB José Hernández
|
0-0: Ball 1-0: Fly out, F9 (Flyball, 89M)
|
Batting: RHB Ángel Serrano
|
0-0: Ball 1-0: Called Strike 1-1: Ball 2-1: Ball 3-1: Base on Balls
|
Batting: RHB Alfredo Ramírez
|
0-0: Ball 1-0: Foul Ball, location: 2F 1-1: Fly out, F9 (Flyball, 89M)
|
Bottom of the 9th over - 0 run(s), 0 hit(s), 0 error(s), 1 left on base; Lee's Summit 2 - Erie 0 |
|